 Dungeon Crawl Stone Soup version 0.15-a0-258-g027b8cd (webtiles) character file.

2691 BluebellGnoll the Thrower (level 9, -1/85 HPs)
             Began as an Ogre Hunter on Apr 27, 2014.
             Was a Follower of Okawaru.
             Slain by a skeletal warrior
             ... wielding a +0,+0 glaive
              (31 damage)
             ... on Level 7 of the Dungeon.
             The game lasted 00:26:18 (4961 turns).

BluebellGnoll the Thrower (Ogre Hunter)             Turns: 4961, Time: 00:26:19

HP  -1/85        AC  4     Str 22      XL: 9   Next: 49%
MP   9/9         EV 12     Int 10      God: Okawaru [*.....]
Gold 250         SH  0     Dex 10      Spells:  1 memorised,  7 levels left

rFire  . . .     SeeInvis .     y - +1,+2 flail (pain)
rCold  . . .     Clarity  .     d - +0 animal skin
rNeg   . . .     Conserve .     (shield restricted)
rPois  .         rCorr    .     (helmet restricted)
rElec  .         rRot     .     q - +0 cloak
SustAb . .       Spirit   .     (gloves unavailable)
rMut   .         Warding  .     (boots unavailable)
Saprov + . .     Stasis   .     (no amulet)
MR     .....                    (no ring)
                                F - ring of flight

@: hasted, very quick, not resistant to hostile enchantments, unstealthy
A: unfitting armour, fast metabolism 1, saprovore 1, tough skin 1
a: Heroism, Renounce Religion, Evoke Flight


You were on level 7 of the Dungeon.
You worshipped Okawaru.
Okawaru was aware of your devotion.
You were not hungry.

You visited 2 branches of the dungeon, and saw 8 of its levels.

You collected 250 gold pieces.

Inventory:

Hand weapons
 y - a +1,+2 flail of pain (weapon)
 A - a +1,+1 whip of flaming
Missiles
 c - a throwing net (quivered)
 i - 14 exploding darts
 j - 19 darts
 J - 4 tomahawks of returning
Armour
 d - a +0 animal skin (worn)
 q - a +0 cloak (worn)
Comestibles
 a - an apple
 m - 4 bread rations
 n - 2 pears
 G - 2 meat rations
 I - 6 sultanas
 M - 10 grapes
Scrolls
 e - 5 scrolls of remove curse
 l - 4 scrolls of teleportation {unknown}
 o - 2 scrolls of recharging {unknown}
 r - a scroll of identify
 t - 3 scrolls of enchant weapon I {unknown}
 w - 2 scrolls of fog {unknown}
 z - a scroll of magic mapping {unknown}
 D - a scroll of blinking {unknown}
 H - a scroll of enchant weapon II {unknown}
 L - a scroll of enchant armour {unknown}
Jewellery
 v - an uncursed amulet of stasis
 F - a ring of flight (left hand)
Potions
 f - a potion of mutation {unknown}
 g - a potion of haste
 h - 4 potions of curing
 k - a potion of cure mutation {unknown}
 p - a potion of invisibility {unknown}
 s - a potion of heal wounds {unknown}
 u - a potion of lignification {unknown}
 x - a potion of restore abilities {unknown}
 C - a potion of magic {unknown}
 E - 2 potions of agility {unknown}
 K - a potion of brilliance {unknown}


   Skills:
 - Level 4.5 Fighting
 * Level 7.8 Maces & Flails
 + Level 8.7 Throwing
 * Level 7.6 Dodging
 - Level 0.7 Stealth


You had 7 spell levels left.
You knew the following spells:

 Your Spells              Type           Power        Failure   Level  Hunger
a - Apportation           Tloc           #.........   38%         1    ##.....


Dungeon Overview and Level Annotations

Branches:
Dungeon (7/15)             Temple (1/1) D:6

Altars:
Ashenzari
Cheibriados
Dithmenos
Elyvilon
Fedhas
Kikubaaqudgha
Makhleb
Nemelex Xobeh
Okawaru
Sif Muna
Trog
Vehumet
Xom
Yredelemnul
Zin
The Shining One


Innate Abilities, Weirdness & Mutations

You are too large for most types of armour.
You have a fast metabolism.
You can tolerate rotten meat.
You have tough skin (AC +1).


Message History

The large rock hits the skeletal warrior.
The skeletal warrior is moderately damaged.
Throwing (i - inventory. (,) - cycle):
b - a large rock (quivered)
Press: ? - help, Shift-Dir - straight line, f/p - skeletal warrior
Aim: a skeletal warrior, wielding a short sword You throw a large rock.
The large rock misses the skeletal warrior.
The large rock hits the skeletal warrior.
The skeletal warrior is lightly damaged.
The skeletal warrior hits you from afar with a glaive!
Unknown command.
There is an open door here.
Drink which item? (? for menu, Esc to quit)
This potion can't work under stasis.
Remove which piece of jewellery? (? for menu, Esc to quit)
You remove your amulet of stasis.
Drink which item? (? for menu, Esc to quit)
You feel yourself speed up.
The skeletal warrior hits you from afar with a glaive!
You die...

#.....<...# ####... #.........#
#...... #.........# #..##... .
#.........# #.# #... #.#
#.........# #. #... #.#
#.........####.# #... #.#
#..............# ##.# #.#
#.........###### #.. #.#
####.###### ### ####.##### #@##
......<..# #..# .........#
####z##### . .........#
#........# .. .........#
#........# ... .........#
.+........# #####....
.........##..#........###((.'....
............##........'.(.###....
.........#####........##### ...
.........# #........# z.


You could see a skeletal warrior.

Vanquished Creatures
  Pikel (D:7)
  Grinder (D:5)
  Prince Ribbit (D:4)
  The ghost of marcus the Skirmisher, an average DsCK of Xom (D:4)
  Edmund (D:5)
  2 ice beasts
  A water moccasin (D:7)
  2 slaves (D:7)
  A centaur (D:6)
  2 ogres
  Sigmund (D:2)
  2 giant frogs
  2 scorpions
  2 crimson imps
  A centaur zombie (D:4)
  A giant frog zombie (D:5)
  A jelly (D:6)
  A centaur skeleton (D:4)
  A hound (D:6)
  Natasha (twice) (D:5)
  A worker ant (D:6)
  An ogre zombie (D:6)
  A hound skeleton (D:5)
  3 adders
  3 giant mites
  A worm (D:5)
  A gnoll skeleton (D:5)
  An iguana zombie (D:7)
  3 giant geckos
  5 orcs
  A ball python (D:2)
  3 giant cockroaches
  9 hobgoblins
  6 jackals
  10 kobolds
  2 quokkas (D:3)
  5 bats
  A giant gecko zombie (D:5)
  11 giant newts
  9 goblins
  A goblin zombie (D:5)
  A hobgoblin zombie (D:6)
  A quokka zombie (D:5)
  11 rats
118 creatures vanquished.

Notes
Turn   | Place    | Note
--------------------------------------------------------------
     0 | D:1      | BluebellGnoll, the Ogre Hunter, began the quest for the Orb.
     0 | D:1      | Reached XP level 1. HP: 22/22 MP: 1/1
   160 | D:1      | Reached XP level 2. HP: 22/29 MP: 2/2
   559 | D:2      | Reached XP level 3. HP: 36/36 MP: 3/3
   801 | D:2      | Noticed Sigmund
   805 | D:2      | Killed Sigmund
   805 | D:2      | Reached XP level 4. HP: 44/44 MP: 4/4
   878 | D:2      | Reached XP level 5. HP: 50/50 MP: 5/5
   925 | D:2      | Found a glowing golden altar of the Shining One.
  1047 | D:2      | Found a shadowy altar of Dithmenos.
  2032 | D:4      | Noticed marcus' ghost (average DsCK)
  2039 | D:4      | Killed marcus' ghost
  2039 | D:4      | Reached skill level 5 in Dodging
  2039 | D:4      | Reached XP level 6. HP: 43/61 MP: 6/6
  2149 | D:4      | Noticed Prince Ribbit
  2157 | D:4      | Killed Prince Ribbit
  2157 | D:4      | Reached skill level 6 in Dodging
  2157 | D:4      | Reached XP level 7. HP: 69/71 MP: 7/7
  2595 | D:4      | Found a shattered altar of Ashenzari.
  2674 | D:5      | Entered Level 5 of the Dungeon
  2702 | D:5      | Noticed Edmund
  2744 | D:5      | Killed Edmund
  2750 | D:5      | Reached skill level 5 in Throwing
  3051 | D:5      | Reached XP level 8. HP: 77/79 MP: 8/8
  3293 | D:5      | Found a sparkling altar of Nemelex Xobeh.
  3325 | D:5      | Noticed Natasha
  3339 | D:5      | Killed Natasha
  3443 | D:5      | Noticed Grinder
  3449 | D:5      | Killed Grinder
  3449 | D:5      | Reached skill level 5 in Maces & Flails
  3449 | D:5      | Reached skill level 7 in Dodging
  3557 | D:5      | Noticed Natasha
  3559 | D:5      | Killed Natasha
  3738 | D:6      | Found a basalt altar of Yredelemnul.
  3738 | D:6      | Found a glowing silver altar of Zin.
  3740 | D:6      | Found an ancient bone altar of Kikubaaqudgha.
  3795 | D:6      | Found a staircase to the Ecumenical Temple.
  3804 | Temple   | Entered the Ecumenical Temple
  3822 | Temple   | Learned a level 1 spell: Apportation
  4150 | D:6      | Found an iron altar of Okawaru.
  4157 | D:6      | Became a worshipper of Warmaster Okawaru
  4471 | D:6      | Reached XP level 9. HP: 33/85 MP: 9/9
  4645 | D:7      | Noticed Pikel
  4648 | D:7      | Killed Pikel
  4648 | D:7      | Reached skill level 8 in Throwing
  4767 | D:7      | Acquired Okawaru's first power
  4943 | D:7      | Noticed a skeletal warrior
  4943 | D:7      | Noticed a skeletal warrior
  4943 | D:7      | Noticed a skeletal warrior
  4961 | D:7      | Slain by a skeletal warrior

Action                   |  1- 3 |  4- 6 |  7- 9 || total
-------------------------+-------+-------+-------++-------
Melee: Club              |    40 |    46 |    15 ||   101
       Flail             |       |       |    83 ||    83
Throw: Large rock        |    11 |    15 |    44 ||    70
       Dart              |    34 |    55 |    91 ||   180
       Tomahawk          |       |       |    35 ||    35
       Throwing net      |       |       |     2 ||     2
  Use: Scroll            |       |       |     5 ||     5
       Potion            |       |       |     1 ||     1
 Stab: Distracted        |       |       |     1 ||     1
